 Dungeon Crawl Stone Soup version 0.29-a0-275-g389c0b56f3 (webtiles) character file.

Game seed: 8526384248816124425

7 epen the Chiller (level 2, -2/20 HPs)
             Began as a Ghoul Ice Elementalist on Mar 11, 2022.
             Slain by a gnoll
             ... wielding a +0 whip
              (5 damage)
             ... on level 1 of the Dungeon.
             The game lasted 00:00:53 (417 turns).

epen the Chiller (Ghoul Ice Elementalist)            Turns: 417, Time: 00:00:53

Health: -2/20      AC:  2    Str: 11    XL:     2   Next: 0%
Magic:  1/3        EV: 12    Int: 10    God:
Gold:   0          SH:  0    Dex:  9    Spells: 3/4 levels left

rFire   . . .      SeeInvis .   (no weapon)
rCold   + . .      Faith    .   (no shield)
rNeg    + + +      Spirit   .   a - +0 robe
rPois   ∞          Reflect  .   (no helmet)
rElec   .          Harm     .   (no cloak)
rCorr   .          Rampage  .   (no gloves)
Will    .....                   (no boots)
Stlth   ++........              (no amulet)
HPRegen 0.00/turn               (no ring)
MPRegen 0.08/turn               (no ring)

@: inhibited regen
A: claws 1, cold resistance 1, negative energy resistance 3, inhibited
regeneration, torment resistance 2
a: no special abilities


You were on level 1 of the Dungeon.
You visited 1 branch of the dungeon, and saw 1 of its levels.

Inventory:

Armour
 a - a +0 robe (worn)
Scrolls
 c - a scroll of fog {unknown}
Potions
 b - a potion of magic
 d - a potion of might {unknown}


   Skills:
 + Level 1.9 Dodging
 - Level 2.2 Stealth
 + Level 0.4 Unarmed Combat
 + Level 1.9 Spellcasting
 + Level 4.5 Ice Magic


You had 3 spell levels left.
You knew the following spells:

 Your Spells              Type           Power      Damage    Failure   Level
a - Freeze                Ice            36%        1d6       4%          1

Your spell library contained the following spells:

 Spells                   Type           Power      Damage    Failure   Level
 Frozen Ramparts          Ice            18%        1d3       16%         3
 Ozocubu's Armour         Ice            9%         N/A       16%         3
 Hailstorm                Conj/Ice       5%         3d4       77%         4


Dungeon Overview and Level Annotations

Branches:
Dungeon (1/15)

Altars:

Shops:
D:1 !


Innate Abilities, Weirdness & Mutations

You thrive by killing the living.
You are immune to poison.
You have sharp fingernails.
Your flesh is cold resistant. (rC+)
You are immune to negative energy. (rN+++)
You do not regenerate when monsters are visible.
You are immune to unholy pain and torment.


Message History

You kill the hobgoblin!
You feel better.
You have reached level 2!
A gnoll comes into view. It is wielding a +0 whip.
Found 19 stones.
A gnoll is nearby!
A giant cockroach comes into view.
Found a short sword.
Found Ymuong's Distillery.
The gnoll shouts!
The gnoll hits you with a +0 whip.
You completely miss the gnoll. The giant cockroach barely misses you.
The gnoll barely misses you.
You scratch the gnoll.
The gnoll is moderately wounded.
The giant cockroach bites you but does no damage.
The gnoll closely misses you.
You barely miss the gnoll.
The gnoll is moderately wounded.
The giant cockroach closely misses you. x2; The gnoll hits you with a +0 whip!
* * * LOW HITPOINT WARNING * * *
You are too injured to fight recklessly!
Casting: Freeze (safe; 4% risk of failure)
Confirm with . or Enter, or press ? or * to list all spells.
Aiming: Freeze (safe; 4% risk of failure)
Press: ? - help, Shift-Dir - straight line, f - gnoll
Aim: a gnoll, wielding a +0 whip (moderately wounded)
You freeze the gnoll.
The gnoll is severely wounded.
The giant cockroach bites you but does no damage.
The gnoll hits you with a +0 whip.
* * * LOW HITPOINT WARNING * * *
Casting: Freeze (safe; 4% risk of failure)
Confirm with . or Enter, or press ? or * to list all spells.
Aiming: Freeze (safe; 4% risk of failure)
Press: ? - help, Shift-Dir - straight line, f/p - gnoll
Aim: a gnoll, wielding a +0 whip (severely wounded)
You freeze the gnoll.
The gnoll is almost dead.
The giant cockroach closely misses you. The gnoll hits you with a +0 whip.
You die...

.......#.#..#
######### ....
########...###
.#.#.
#........#
....#.
#........# ..
..#. #........#
... ..#.
#.........##
... ...#
#....PPPP..#
#..PP..P.P.#
#..P....@P.#
......Bg..#
#(P.P...P..#
#.PP...P....#
#...PP.P.....∩
##..........#.#
#######....)..
#.....


You could see a gnoll and a giant cockroach.

Vanquished Creatures
  An endoplasm (D:1)
  3 hobgoblins (D:1)
  2 kobolds (D:1)
6 creatures vanquished.

Notes
Turn   | Place    | Note
-------+----------+-------------------------------------------
     0 | D:1      | epen the Ghoul Ice Elementalist began the quest for the
                  | Orb.
     0 | D:1      | Reached XP level 1. HP: 14/14 MP: 2/2
   370 | D:1      | Reached XP level 2. HP: 18/20 MP: 3/3
   411 | D:1      | Found Ymuong's Distillery.
   417 | D:1      | Slain by a gnoll

Illustrated notes

Levels and vault maps discovered:
D:1:      dpeg_arrival_leaves_temple_mockup, layout_basic, serial_shops,
          nicolae_shop_crystal, nicolae_grassy_gnolls

Action                   || total
-------------------------++-------
Melee: Unarmed           ||    18
 Cast: Freeze            ||     3
 Stab: Sleeping          ||     1
Armor: Robe              ||     3
Dodge: Dodged            ||    11

Table legend: (Time is in decaauts)
 A = Elapsed time spent in this place.
 B = Non-inter-level travel time spent in this place.
 C = Inter-level travel time spent in this place.
 D = Time resting spent in this place.
 E = Time spent auto-exploring this place.
 F = Levels seen in this place.
 G = Mean time per level.
                   A        B        C        D        E       F      G
               +--------+--------+--------+--------+--------+-----+--------+
         Total |    417 |    417 |      0 |      0 |    376 |   1 |  417.0 |
       Dungeon |    417 |    417 |      0 |      0 |    376 |   1 |  417.0 |
               +--------+--------+--------+--------+--------+-----+--------+

Top non-repeatable levels by time:
     D:1: 417 daAuts
